 Dungeon Crawl Stone Soup version 0.32-a0-996-gb3226c233f (webtiles) character file.

Game seed: 13805723581230291450

45 topfpfpflanze the Magician (level 3, 0/21 HPs)
             Began as an Octopode Fire Elementalist on Apr 23, 2024.
             Slain by a cerulean imp
             ... wielding a +0 spear
             ... summoned by Natasha
              (5 damage)
             ... on level 2 of the Dungeon.
             The game lasted 00:00:44 (1482 turns).

topfpfpflanze the Magician (OpFE)                   Turns: 1482, Time: 00:00:45

Health: 0/21       AC:  1    Str:  7    XL:     3   Next: 64%
Magic:  4/8        EV: 12    Int: 19    God:
Gold:   34         SH:  0    Dex: 12    Spells: 6/9 levels left

rFire   . . .        d - +1 short sword (freeze)
rCold   . . .        (no shield)
rNeg    . . .        (helmet restricted)
rPois   .            i - amulet of regeneration
rElec   .            c - ring of willpower
rCorr   .            (no ring)
SInv    .            (no ring)
Will    +....        (no ring)
Stlth   +++          (no ring)
HPRegen 1.03/turn    (no ring)
MPRegen 0.11/turn    (no ring)
                     (no ring)

%: no passive effects
@: no status effects
A: almost no armour, amphibious, 8 rings, camouflage 1, gelatinous body 1,
(nimble swimmer 1), tentacles
a: no special abilities


You were on level 2 of the Dungeon.
You visited 1 branch of the dungeon, and saw 2 of its levels.

You collected 34 gold pieces.

Inventory:

Hand Weapons
 d - a +1 short sword of freezing (weapon)
Missiles
 f - 6 poisoned darts
Jewellery
 c - a ring of willpower (left tentacle)
 i - an amulet of regeneration (around mantle)
Scrolls
 b - a scroll of identify {unknown}
Potions
 a - a potion of magic
 e - a potion of ambrosia {unknown}
 g - 2 potions of enlightenment {unknown}
 h - a potion of heal wounds {unknown}
 j - a potion of degeneration {unknown}


   Skills:
 - Level 2.0 Dodging
 - Level 2.6 Stealth
 + Level 3.6 Spellcasting
 - Level 1.0 Conjurations
 - Level 3.0 Fire Magic


You had 6 spell levels left.
You knew the following spells:

 Your Spells              Type           Power      Damage    Failure   Level
a - Foxfire               Conj/Fire      44%        2x1d6     6%          1
b - Scorch                Fire           28%        2d6       6%          2

Your spell library contained the following spells:

 Spells                   Type           Power      Damage    Failure   Level
 Inner Flame              Hex/Fire       9%         N/A       24%         3
 Volatile Blastmotes      Fire/Tloc      18%        2d11      24%         3
 Flame Wave               Conj/Fire      11%        2d6       52%         4


Dungeon Overview and Level Annotations

Branches:
Dungeon (2/15)

Altars:

Annotations:
D:2 Natasha


Innate Abilities, Weirdness & Mutations

You cannot wear most types of armour.
You are amphibious.
You can wear up to eight rings at the same time.
Your skin changes colour to match your surroundings (Stealth+).
Your rubbery body absorbs attacks. (AC +1, EV +1)
((You are camouflaged when in or above water. (Stealth+)))
You have tentacles for arms and can constrict up to eight enemies at once.


Message History

You kill Natasha!
Natasha screams in pain as she dies!
You have reached level 3!
Your experience leads to an increase in your attributes!
Increase (S)trength, (I)ntelligence, or (D)exterity?
You feel clever. x2
Unknown command.
HP restored.
Natasha, Servant of Life and Death comes into view.
She is carrying a wand of flame.
Casting: Scorch (safe; 6% risk of failure)
You conjure some foxfire!
Natasha hisses angrily.
The foxfire hits Natasha but does no damage.
The foxfire hits Natasha.
Unknown command.
You climb upwards.
There is a stone staircase leading down here.
Unknown command.
You start resting.
Magic restored.
You climb downwards.
Level annotation: Natasha Natasha zaps a wand.
The puff of flame hits you!
There is a stone staircase leading up here.
Unknown command.
Unknown command.
Casting: Foxfire (safe; 6% risk of failure) Flames lash Natasha.
Natasha's fire resistance burns away.
Natasha casts a spell.
The cerulean imp hits you from afar with a +0 spear.
Unknown command.
Casting: Scorch (safe; 6% risk of failure) Flames lash the cerulean imp.
The cerulean imp's fire resistance burns away.
Natasha claws you!
* * * LOW HITPOINT WARNING * * *
The cerulean imp barely misses you. Natasha closely misses you.
The cerulean imp hits you from afar with a +0 spear.
You die...

#. . #.. .#
#.## ##.# ...
... ####.. ...
....#)###5#
......)...#####
......)@h......
.......########
....##. ... ..
. ##. ##


You could see Natasha (combustible) and a cerulean imp (summoned, combustible).

Vanquished Creatures
  Natasha (D:2)
  2 dart slugs (D:1)
  3 endoplasms (D:1)
  A goblin (D:2)
  A hobgoblin (D:1)
  A quokka (D:1)
  A ball python (D:1)
  A bat (D:1)
  4 kobolds
  A rat (D:1)
16 creatures vanquished.

Vanquished Creatures (others)
  62 foxfires
62 creatures vanquished.

Grand Total: 78 creatures vanquished

Notes
Turn   | Place    | Note
-------+----------+-------------------------------------------
     0 | D:1      | topfpfpflanze the Octopode Fire Elementalist began the
                  | quest for the Orb.
     0 | D:1      | Reached XP level 1. HP: 11/11 MP: 3/3
   129 | D:1      | Reached XP level 2. HP: 17/17 MP: 1/5
   375 | D:1      | Learned a level 2 spell: Scorch
  1225 | D:2      | Noticed Natasha
  1416 | D:2      | Killed Natasha
  1417 | D:2      | Reached XP level 3. HP: 17/21 MP: 2/8
  1425 | D:2      | Noticed Natasha
  1482 | D:2      | Slain by a cerulean imp

Illustrated notes

Levels and vault maps discovered:
D:1:      dpeg_arrival_another_circle, layout_basic
D:2:      layout_rooms, minmay_randomly_rotated_circles, uniq_terence,
          uniq_natasha, uniq_crazy_yiuf_cottage

Skill      XL: |  1  2 |
---------------+-------+-----
Spellcasting   | 3 |  3.6
Dodging        | |  2.0
Stealth        | |  2.6
Conjurations   | |  1.0
Fire Magic     | |  3.0

Action                     || total
---------------------------++-------
  Melee: Unarmed           ||     1
   Cast: Foxfire           ||    38
         Scorch            ||     5
 Armour: Skin              ||    10
  Dodge: Dodged            ||     7

Table legend: (Time is in decaauts)
 A = Elapsed time spent in this place.
 B = Non-inter-level travel time spent in this place.
 C = Inter-level travel time spent in this place.
 D = Time resting spent in this place.
 E = Time spent auto-exploring this place.
 F = Levels seen in this place.
 G = Mean time per level.
                   A        B        C        D        E       F      G
               +--------+--------+--------+--------+--------+-----+--------+
         Total |   1483 |   1456 |     27 |    218 |   1089 |   2 |  741.5 |
       Dungeon |   1483 |   1456 |     27 |    218 |   1089 |   2 |  741.5 |
               +--------+--------+--------+--------+--------+-----+--------+

Top non-repeatable levels by time:
     D:1: 1444 daAuts
     D:2: 39 daAuts
